 Dungeon Crawl Stone Soup version 0.31.0-11-ge490571c62 (webtiles) character file.

Game seed: 10075763467068037341

759 Ashen the Sneak (level 7, 0/51 HPs)
             Began as a Gnoll Enchanter on Feb 1, 2024.
             Was a Believer of Uskayaw.
             Splashed by a jelly's acid (8 damage)
             ... on level 6 of the Dungeon.
             The game lasted 00:11:04 (4070 turns).

Ashen the Sneak (Gnoll Enchanter)                   Turns: 4070, Time: 00:11:07

Health: 0/51       AC: -3    Str:  8    XL:     7   Next: 80%
Magic:  15/15      EV: 14    Int: 14    God:    Uskayaw [**....]
Gold:   185        SH:  0    Dex: 14    Spells: 2/17 levels left

rFire   . . .        B - +1 dagger (venom)
rCold   . . .        (no shield)
rNeg    . . .        b - +0 robe
rPois   .            w - +0 helmet
rElec   .            E - scarf {repulsion}
rCorr   .            (no gloves)
SInv    .            n - +0 pair of boots
Will    .....        o - amulet of faith
Stlth   +++          d - ring of flight
HPRegen 0.28/turn    (no ring)
MPRegen 0.14/turn

%: repel missiles, faith
@: corroded, flying
A: fangs 1, strong nose, distributed training
a: Renounce Religion, Stomp, Line Pass


You were on level 6 of the Dungeon.
You worshipped Uskayaw.
Uskayaw was noncommittal.
You visited 2 branches of the dungeon, and saw 7 of its levels.

You collected 185 gold pieces.

Inventory:

Hand Weapons
 p - a +2 dagger of draining
 B - a +1 dagger of venom (weapon)
Armour
 b - a +0 robe (worn)
 n - a +0 pair of boots (worn)
 w - a +0 helmet (worn)
 E - a scarf of repulsion (worn)
Jewellery
 d - a ring of flight (left hand)
 j - an amulet of reflection
 o - an amulet of faith (around neck)
Wands
 a - a wand of mindburst (10)
 A - a wand of roots (9)
 C - a wand of charming (6)
Scrolls
 e - a scroll of summoning {unknown}
 h - 3 scrolls of vulnerability {unknown}
 k - 5 scrolls of identify {unknown}
 q - a scroll of revelation {unknown}
 r - a scroll of fog {unknown}
 t - a scroll of enchant armour {unknown}
 u - 2 scrolls of noise {unknown}
 v - 2 scrolls of fear {unknown}
 x - a scroll of blinking {unknown}
 z - a scroll of enchant weapon {unknown}
 D - a scroll of teleportation {unknown}
Potions
 c - a potion of invisibility
 i - 2 potions of brilliance {unknown}
 l - 2 potions of attraction {unknown}
 m - a potion of degeneration {unknown}
 s - a potion of lignification {unknown}


   Skills:
 + Level 2.8 Fighting
 + Level 3.9 Short Blades
 + Level 2.8 Long Blades
 + Level 2.8 Axes
 + Level 2.8 Maces & Flails
 + Level 2.8 Polearms
 + Level 2.8 Staves
 + Level 2.8 Ranged Weapons
 + Level 2.8 Throwing
 + Level 2.8 Armour
 + Level 5.4 Dodging
 + Level 6.6 Stealth
 + Level 2.8 Shields
 + Level 2.8 Unarmed Combat
 + Level 5.8 Spellcasting
 + Level 2.3 Conjurations
 + Level 6.0 Hexes
 + Level 2.3 Summonings
 + Level 2.3 Necromancy
 + Level 2.3 Translocations
 + Level 2.3 Fire Magic
 + Level 2.3 Ice Magic
 + Level 2.3 Air Magic
 + Level 2.3 Earth Magic
 + Level 2.3 Alchemy
 + Level 3.1 Invocations
 + Level 2.8 Evocations
 + Level 2.5 Shapeshifting


You had 2 spell levels left.
You knew the following spells:

 Your Spells              Type           Power      Damage    Failure   Level
a - Ensorcelled Hibernat  Hex/Ice        30%        N/A       4%          2
b - Confusing Touch       Hex            20%        N/A       4%          3
c - Tukima's Dance        Hex            20%        N/A       4%          3
d - Dazzling Flash        Conj/Hex       30%        N/A       9%          3
e - Cause Fear            Hex            10%        N/A       14%         4

Your spell library contained the following spells:

 Spells                   Type           Power      Damage    Failure   Level
 Dimensional Bullseye     Hex/Tloc       7%         N/A       28%         4
 Shatter                  Erth           5%         3d8*      100%        9


Dungeon Overview and Level Annotations

Branches:
Dungeon (6/15)             Temple (1/1) D:4

Altars:
Ashenzari
Cheibriados
Dithmenos
Elyvilon
Nemelex Xobeh
Sif Muna
Trog
Uskayaw
Wu Jian
Yredelemnul


Innate Abilities, Weirdness & Mutations

You have very sharp teeth.
Your uncanny sense of smell can sniff out nearby items.
Your experience applies equally to all skills.


Message History

You closely miss the white imp.
The white imp is moderately wounded.
The white imp shouts, "Decamp, thou artless fen-sucked bum-bailey!"
The white imp completely misses you.
You closely miss the white imp.
You bite the white imp, but do no damage.
The white imp is moderately wounded.
You barely miss the white imp. Your bite misses the white imp.
The white imp is heavily wounded.
The white imp barely misses you.
You hit the jelly.
The jelly is poisoned.
Your hands burn!
You punch the jelly, but do no damage.
The jelly is lightly wounded.
The white imp hits you but does no damage.
The jelly misses you.
You hit the jelly.
Your hands burn!
The jelly is moderately wounded.
The white imp gestures at you. The puff of frost hits you. The jelly hits you.
The acid corrodes you!
You are splashed with acid!
You hit the jelly but do no damage.
Your hands burn!
The jelly is heavily wounded.
The white imp barely misses you. The jelly closely misses you.
You hit the jelly.
Your hands burn!
The jelly is heavily wounded.
You kill the white imp!
You can now pass through a line of other dancers.
Your Hexes skill increases to level 6!
You hit the jelly.
Your hands burn!
Your bite misses the jelly.
The jelly is severely wounded.
The jelly hits you.
You are splashed with acid!
* * * LOW HITPOINT WARNING * * *
You hit the jelly but do no damage.
The jelly looks even sicker.
Your hands burn!
* * * LOW HITPOINT WARNING * * *
The jelly is almost dead.
The jelly hits you.
* * * LOW HITPOINT WARNING * * *
The acid corrodes you!
You are splashed with acid!
You die... .PPPP.PP..

#.........#
#.P.PPP.P.#
#.P.....P.#
#.P.._..P.#
#$P.....P.#
#.P.PPPJ..#
#.......@.#
#....PP.P.#
#.$.[.....#
####..#.###
##...#
##.##########
#...........#
#.#########.#
#.#∆ #.#


You could see a jelly (very poisoned).

Vanquished Creatures
  A phantom (D:5)
  2 scorpions
  4 killer bees (D:5)
  2 jellies (D:5)
  A hound (D:4)
  Crazy Yiuf (D:4)
  2 iguanas
  Ijyb (D:4)
  An orc wizard (D:4)
  9 adders
  A white imp (D:6)
  2 ufetubi (D:5)
  2 dart slugs
  7 orcs
  2 endoplasms
  3 giant cockroaches
  7 hobgoblins
  6 quokkas
  7 ball pythons
  2 bats
  2 frilled lizards
  7 goblins
  5 kobolds
  3 rats (D:3)
80 creatures vanquished.

Vanquished Creatures (others)
  A killer bee (D:5)
1 creature vanquished.

Grand Total: 81 creatures vanquished

Notes
Turn   | Place    | Note
-------+----------+-------------------------------------------
     0 | D:1      | Ashen the Gnoll Enchanter began the quest for the Orb.
     0 | D:1      | Reached XP level 1. HP: 13/13 MP: 6/6
    89 | D:1      | Got the Annotations on the Telluric Curse
   196 | D:1      | Reached XP level 2. HP: 18/19 MP: 7/7
   283 | D:1      | Learned a level 2 spell: Ensorcelled Hibernation
   647 | D:2      | Reached skill level 5 in Spellcasting
   647 | D:2      | Reached XP level 3. HP: 25/25 MP: 7/9
   804 | D:2      | Reached skill level 1 in Invocations
   943 | D:2      | Reached skill level 1 in Fighting
   943 | D:2      | Reached skill level 1 in Long Blades
   943 | D:2      | Reached skill level 1 in Axes
   943 | D:2      | Reached skill level 1 in Maces & Flails
   943 | D:2      | Reached skill level 1 in Polearms
   943 | D:2      | Reached skill level 1 in Staves
   943 | D:2      | Reached skill level 1 in Ranged Weapons
   943 | D:2      | Reached skill level 1 in Throwing
   943 | D:2      | Reached skill level 1 in Armour
   943 | D:2      | Reached skill level 1 in Shields
   943 | D:2      | Reached skill level 1 in Unarmed Combat
   943 | D:2      | Reached skill level 1 in Evocations
  1271 | D:3      | Found a faded altar of an unknown god.
  1412 | D:3      | Reached skill level 1 in Shapeshifting
  1412 | D:3      | Reached XP level 4. HP: 32/32 MP: 8/11
  1937 | D:4      | Noticed a scorpion
  1948 | D:4      | Killed a scorpion
  1949 | D:4      | Reached skill level 1 in Conjurations
  1949 | D:4      | Reached skill level 1 in Summonings
  1949 | D:4      | Reached skill level 1 in Necromancy
  1949 | D:4      | Reached skill level 1 in Translocations
  1949 | D:4      | Reached skill level 1 in Fire Magic
  1949 | D:4      | Reached skill level 1 in Ice Magic
  1949 | D:4      | Reached skill level 1 in Air Magic
  1949 | D:4      | Reached skill level 1 in Earth Magic
  1949 | D:4      | Reached skill level 1 in Alchemy
  1949 | D:4      | Reached XP level 5. HP: 16/37 MP: 1/12
  2246 | D:4      | Reached XP level 6. HP: 34/44 MP: 6/13
  2427 | D:4      | Found a runed translucent door.
  2430 | D:4      | Noticed Crazy Yiuf
  2437 | D:4      | Killed Crazy Yiuf
  2438 | D:4      | Reached skill level 5 in Dodging
  2703 | D:4      | Found a staircase to the Ecumenical Temple.
  2704 | D:4      | Noticed Ijyb
  2711 | D:4      | Learned a level 3 spell: Confusing Touch
  2715 | D:4      | Learned a level 3 spell: Tukima's Dance
  2719 | D:4      | Learned a level 3 spell: Dazzling Flash
  2724 | D:4      | Learned a level 4 spell: Cause Fear
  2736 | D:4      | Killed Ijyb
  2921 | Temple   | Entered the Ecumenical Temple
  2954 | Temple   | Became a worshipper of Uskayaw the Reveller
  3150 | D:4      | Reached * piety under Uskayaw
  3200 | D:5      | Entered Level 5 of the Dungeon
  3219 | D:5      | Reached ** piety under Uskayaw
  3222 | D:5      | Reached *** piety under Uskayaw
  3223 | D:5      | Reached **** piety under Uskayaw
  3493 | D:5      | Reached XP level 7. HP: 50/50 MP: 15/15
  3649 | D:5      | Identified the +3 barding of the Moon {rElec Int+2}
  4053 | D:6      | Found a sparkling altar of Nemelex Xobeh.
  4070 | D:6      | Splashed by a jelly's acid

Illustrated notes

Levels and vault maps discovered:
D:1:      dpeg_arrival_leaves_temple_mockup, layout_rooms
D:2:      cheibrodos_helix_gallery, layout_loops_ring,
          minmay_misc_feat_four_crosses
D:3:      layout_basic, chequers_ecumenical_altar_simple
D:4:      layout_cave_pools, minmay_temple_entry_grid, grunt_tough_drop,
          uniq_ijyb, uniq_crazy_yiuf_cottage
D:5:      lemuel_ice_spiral_2, layout_basic
D:6:      layout_loops_ring, mainiacjoe_overflow_cross_hatched
Temple:   hellmonk_temple_beads

Skill      XL: |  1  2  3  4  5  6  7 |
---------------+----------------------+-----
Spellcasting   | 5 |  5.8
Stealth        | 6 |  6.6
Invocations    | 1 2 3 |  3.1
Fighting       | 1 2 |  2.8
Long Blades    | 1 2 |  2.8
Axes           | 1 2 |  2.8
Maces & Flails | 1 2 |  2.8
Polearms       | 1 2 |  2.8
Staves         | 1 2 |  2.8
Ranged Weapons | 1 2 |  2.8
Throwing       | 1 2 |  2.8
Armour         | 1 2 |  2.8
Shields        | 1 2 |  2.8
Unarmed Combat | 1 2 |  2.8
Evocations     | 1 2 |  2.8
Shapeshifting  | 1 2 |  2.5
Conjurations   | 1 2 |  2.3
Summonings     | 1 2 |  2.3
Necromancy     | 1 2 |  2.3
Translocations | 1 2 |  2.3
Fire Magic     | 1 2 |  2.3
Ice Magic      | 1 2 |  2.3
Air Magic      | 1 2 |  2.3
Earth Magic    | 1 2 |  2.3
Alchemy        | 1 2 |  2.3
Short Blades   | 3 |  3.9
Dodging        | 5 |  5.4
Hexes          | 6 |  6.0

Action                     |  1- 3 |  4- 6 |  7- 9 || total
---------------------------+-------+-------+-------++-------
  Melee: Dagger            |    91 |    59 |    39 ||   189
         Bite              |     6 |     3 |     2 ||    11
         Punch             |       |     1 |     1 ||     2
   Cast: Ensorcelled Hiber |     2 |    44 |    14 ||    60
  Evoke: Wand              |       |     2 |       ||     2
    Use: Potion            |       |     4 |       ||     4
   Stab: Sleeping          |    11 |    26 |     6 ||    43
         Paralysed         |       |     2 |     1 ||     3
         Invisible         |       |     2 |       ||     2
 Armour: Robe              |    37 |    52 |    26 ||   115
  Dodge: Dodged            |    56 |    71 |    42 ||   169
  Block: Other             |     1 |       |       ||     1
